Map: Eternal Empire LE

Players

Scarlett - Winner!

  • Race: Zerg Zerg
  • Spawn Location: 7:00

Creature

  • Race: Protoss Protoss
  • Spawn Location: 1:00

Event: DreamHack SC2 Masters 2020 Summer North America

VOD

Have the link to the VOD?

Description

Time

  • Played on: July 3, 2020, 3:43 p.m.
  • Length: 7:18

All games in this series

Show
View Real Time Build Order
Export as new Build Order

Scarlett Zerg - Winner!

Build Orders: Hatch First, Swarm Host 

Get SALT Encoding   

  12  0:00  Drone  
  13  0:13  Overlord  
  13  0:17  Drone  
  14  0:31  Drone x2  
  16  0:47  Hatchery  
  15  0:51  Drone  
  15  0:55  Drone  
  17  0:58  Drone  
  18  1:09  Extractor  
  17  1:13  Spawning Pool  
  17  1:17  Drone  
  17  1:20  Drone  
  18  1:30  Drone  
  19  1:41  Drone  
  20  1:51  Drone  
  21  2:00  Queen x2  
  25  2:01  Overlord, Zergling x2  
  26  2:10  Metabolic Boost  
  26  2:11  Drone  
  27  2:18  Drone  
  27  2:22  Drone  
  29  2:23  Drone  
  30  2:31  Drone  
  30  2:34  Drone  
  30  2:36  Queen  
  34  2:40  Queen  
  36  2:45  Overlord  
  36  2:56  Overlord  
  36  3:04  Drone x3  
  39  3:05  Drone  
  39  3:08  Drone  
  39  3:09  Drone x3  
  44  3:13  Lair  
  44  3:16  Drone  
  44  3:18  Drone  
  46  3:21  Drone  
  46  3:23  Extractor  
  46  3:24  Extractor  
  46  3:26  Drone  
  46  3:29  Overlord  
  46  3:36  Drone  
  47  3:42  Drone x2  
  47  3:44  Drone x3  
  52  3:51  Spore Crawler  
  52  3:55  Drone x5  
  56  4:00  Extractor  
  55  4:08  Overlord  
  55  4:09  Overlord  
  55  4:10  Queen  
  55  4:16  Overlord x2, Infestation Pit  
  56  4:27  Nydus Network  
  55  4:34  Zergling x10  
  55  4:35  Zergling x4  
  62  4:41  Overlord  
  62  4:52  Swarm Host x5  
  62  4:55  Swarm Host  
  80  5:01  Swarm Host  
  80  5:04  Drone  
  84  5:13  Swarm Host  
  84  5:19  Nydus Canal  
  85  5:22  Drone, Spore Crawler  
  85  5:27  Swarm Host  
  86  5:28  Overlord x2  
  86  5:50  Queen x2  
  86  5:54  Drone  
  86  5:55  Drone x2  
  93  5:59  Swarm Host x5  
  105  6:13  Spore Crawler  
  105  6:14  Spore Crawler  
  105  6:15  Evolution Chamber  
  102  6:23  Overlord x3  
  103  6:25  Drone  
  103  6:28  Hydralisk Den  
  102  6:35  Hatchery, Nydus Canal  
  125  7:14  Spore Crawler  
Show
View Real Time Build Order
Export as new Build Order

Creature Protoss 

Build Orders: 1 Gate Expand, Oracle Opening, Phoenix Opening, Mass Phoenix 

Get SALT Encoding   

  12  0:01  Probe  
  13  0:13  Probe  
  14  0:19  Pylon  
  14  0:25  Probe  
  15  0:33  Probe  
  15  0:40  Gateway  
  15  0:41  Probe  
  16  0:49  Assimilator  
  17  0:51  Probe  
  18  1:03  Probe  
  19  1:15  Probe  
  20  1:26  Nexus  
  20  1:37  Cybernetics Core  
  20  1:39  Probe  
  21  1:50  Assimilator  
  21  1:52  Probe  
  22  1:57  Pylon  
  22  2:04  Probe  
  22  2:05  Adept  
  25  2:16  Probe  
  25  2:20  Stargate  
  26  2:28  Warp Gate  
  26  2:29  Probe  
  27  2:35  Adept, Probe  
  29  2:41  Probe  
  29  2:43  Probe  
  32  2:53  Probe  
  32  2:54  Oracle, Probe  
  37  3:06  Probe  
  37  3:08  Probe  
  37  3:10  Gateway  
  39  3:16  Pylon  
  39  3:18  Probe  
  40  3:20  Probe  
  40  3:21  Assimilator  
  40  3:26  Phoenix  
  41  3:30  Probe  
  41  3:31  Assimilator  
  44  3:36  Probe  
  45  3:42  Probe  
  45  3:47  Pylon  
  45  3:48  Probe  
  47  3:53  Stargate  
  47  3:54  Probe  
  48  4:00  Probe  
  49  4:03  Phoenix  
  49  4:06  Probe  
  52  4:10  Pylon  
  52  4:12  Probe  
  53  4:18  Probe  
  53  4:20  Pylon  
  53  4:22  Phoenix  
  54  4:24  Probe  
  54  4:28  Phoenix  
  54  4:30  Probe  
  60  4:39  Probe  
  60  4:42  Probe  
  62  4:46  Phoenix  
  62  4:49  Fleet Beacon  
  64  4:57  Pylon  
  64  5:01  Probe  
  64  5:05  Phoenix  
  67  5:08  Protoss Air Weapons Level 1  
  67  5:12  Pylon  
  67  5:13  Probe  
  68  5:20  Phoenix  
  69  5:26  Pylon  
  69  5:28  Pylon  
  69  5:29  Stalker x2  
  69  5:30  Phoenix  
  75  5:39  Phoenix  
  75  5:46  Probe  
  72  5:50  Phoenix  
  72  5:56  Zealot x2  
  68  6:06  Phoenix  
  68  6:22  Nexus  
  68  6:23  Stalker x2  
  65  6:34  Phoenix  
  63  6:44  Probe  
  60  6:53  Zealot x2  
Tags
 
Add a new tag
Caveats
  • Supply blocks, unpowered buildings, or Contaminate may cause inaccurate times.
  • Supply counts are checked every 10 seconds.